 Dungeon Crawl Stone Soup version 0.27.1-3-gb3d3a73c9e (webtiles) character file.

Game seed: 7633155737655021449

61 styxcanada the Sneak (level 3, -6/18 HPs)
             Began as a Spriggan Brigand on Oct 29, 2021.
             Killed by nerve-wracking pain
             ... invoked by an orc priest
              (10 damage)
             ... on level 3 of the Dungeon.
             The game lasted 00:08:18 (2440 turns).

styxcanada the Sneak (Spriggan Brigand)             Turns: 2440, Time: 00:08:18

Health: -6/18      AC:  3    Str:  7    XL:     3   Next: 83%
Magic:  5/5        EV: 17    Int: 18    God:
Gold:   81         SH:  0    Dex: 17    Spells: 2/3 levels left

rFire    . . .     SeeInvis +   a - +2 dagger
rCold    . . .     Faith    .   (shield restricted)
rNeg     . . .     Spirit   .   b - +0 robe
rPois    .         Reflect  .   (helmet restricted)
rElec    .         Harm     .   c - +0 cloak
rCorr    .         Rampage  .   (gloves unavailable)
Will     .....                  (boots unavailable)
Stlth    ++++......             (no amulet)
HPRegen  0.06/turn              k - +6 ring of intelligence
MPRegen  0.09/turn              (no ring)

@: very quick
A: very small, no large weapons, unfitting armour, see invisible, speed 3
a: no special abilities


You were on level 3 of the Dungeon.
You visited 1 branch of the dungeon, and saw 3 of its levels.

You collected 81 gold pieces.

Inventory:

Hand Weapons
 a - a +2 dagger (weapon)
 r - a +0 hunting sling
Missiles
 d - 34 poisoned darts (quivered)
 e - 2 curare-tipped darts
 g - 12 stones
 i - 30 sling bullets
Armour
 b - a +0 robe (worn)
 c - a +0 cloak (worn)
Jewellery
 k - a +6 ring of intelligence (left hand)
Scrolls
 h - a scroll of vulnerability {unknown}
 n - a scroll of acquirement {unknown}
 p - a scroll of immolation {unknown}
 q - 2 scrolls of teleportation {unknown}
Potions
 f - a potion of curing
 j - a potion of might
 m - a potion of berserk rage {unknown}
 o - a potion of haste {unknown}


   Skills:
 * Level 1.9 Fighting
 + Level 2.6 Short Blades
 + Level 2.1 Throwing
 * Level 2.1 Dodging
 * Level 7.0 Stealth
 * Level 0.9 Spellcasting
 * Level 0.4 Conjurations


You had 2 spell levels left.
You knew the following spells:

 Your Spells              Type           Power      Damage    Failure   Level
a - Magic Dart            Conj           8%         1d3       17%         1

Your spell library contained the following spells:

 Spells                   Type           Power      Damage    Failure   Level
 Searing Ray              Conj           4%         3d3       26%         2
 Ensorcelled Hibernation  Hex/Ice        0%         N/A       30%         2
 Spider Form              Tmut/Pois      0%         N/A       52%         3
 Fulminant Prism          Conj/Hex       0%         3d6       88%         4
 Shadow Creatures         Summ           N/A        N/A       100%        6


Dungeon Overview and Level Annotations

Branches:
Dungeon (3/15)

Altars:


Innate Abilities, Weirdness & Mutations

You are very small and have problems with some larger weapons.
You are too small for most types of armour.
You have supernaturally acute eyesight. (SInv)
You cover ground extremely quickly. (Speed+++)


Message History

There is a stone staircase leading down here.
Okay, then.
You climb downwards.
The orc priest miscasts a cantrip.
There is a stone staircase leading up here.
Throw: 36 darts (poison)
Press: ? - help, Q - select action, (/) - cycle Shift-Dir - straight line, f - orc priest
Aim: an orc priest, wielding a +0 hand axe (60% to hit)
You throw a poisoned dart.
The poisoned dart closely misses the orc priest.
Throw: 35 darts (poison)
Press: ? - help, Q - select action, (/) - cycle Shift-Dir - straight line, f/p - orc priest
Aim: an orc priest, wielding a +0 hand axe (60% to hit)
You throw a poisoned dart. The poisoned dart hits the orc priest.
The orc priest is poisoned.
The orc priest barely misses you.
You hit the orc priest.
The orc priest is lightly wounded.
The orc priest misses you.
You hit the orc priest.
The orc priest is moderately wounded.
The orc priest barely misses you.
You hit the orc priest.
The orc priest is moderately wounded.
The orc priest hits you with a +0 hand axe.
You hit the orc priest.
The orc priest is severely wounded.
The orc priest looks more healthy.
The orc priest misses you.
You barely miss the orc priest.
The orc priest is almost dead.
The orc priest mumbles some strange prayers to Beogh against you.
Beogh smites you!
Ouch! That really hurt!
* * * LOW HITPOINT WARNING * * *
You completely miss the orc priest.
The orc priest is almost dead.
The orc priest calls down the wrath of Beogh upon you.
Pain shoots through your body!
Ouch! That really hurt!
You die...

#####
#...#
#...#
#..=#
#...#
#...#
#@..#
#o..#
#.........
##.......#
#.......#
#.......#
#..(.)..#
...###+##
...#


You could see an orc priest.

Vanquished Creatures
  An adder (D:2)
  3 orcs (D:2)
  3 bats (D:1)
  3 endoplasms
  3 giant cockroaches
  5 hobgoblins
  8 jackals
  4 quokkas
  A ball python (D:2)
  2 frilled lizards
  6 goblins
  A rat (D:1)
40 creatures vanquished.

Vanquished Creatures (others)
  7 fungi (D:2)
  10 plants (D:2)
  4 toadstools (D:2)
21 creatures vanquished.

Grand Total: 61 creatures vanquished

Notes
Turn   | Place    | Note
-------+----------+-------------------------------------------
     0 | D:1      | styxcanada the Spriggan Brigand began the quest for the
                  | Orb.
     0 | D:1      | Reached XP level 1. HP: 10/10 MP: 2/2
    23 | D:1      | Reached skill level 6 in Stealth
   390 | D:1      | Reached XP level 2. HP: 15/15 MP: 3/3
   397 | D:1      | Learned a level 1 spell: Magic Dart
  1316 | D:2      | Reached XP level 3. HP: 18/18 MP: 4/4
  1447 | D:2      | Found a faded altar of an unknown god.
  2185 | D:2      | Reached skill level 7 in Stealth
  2440 | D:3      | Killed from afar by an orc priest

Illustrated notes

Levels and vault maps discovered:
D:1:      minmay_arrival_four_circles, layout_basic
D:2:      layout_basic, shapermc_ecumenical_altar_mp_vishouse,
          minmay_gold_behind_fungi, chequers_serial_rivers_small_3,
          serial_bayou_ford_a
D:3:      layout_basic, mainiacjoe_overflow_boulevard, nicolae_vehumet_radiance,
          serial_shops, shop, shop, shop,
          nicolae_shop_temple_entry_statues_fountains

Skill      XL: |  1  2  3 |
---------------+----------+-----
Stealth        | 6 7 |  7.0
Dodging        | 2 |  2.1
Fighting       | |  1.9
Short Blades   | |  2.6
Throwing       | |  2.1
Spellcasting   | |  0.9
Conjurations   | |  0.4

Action                   || total
-------------------------++-------
Melee: Dagger            ||   137
Throw: Dart              ||    23
 Cast: Magic Dart        ||     2
  Use: Scroll            ||     3
 Stab: Sleeping          ||    17
Armor: Robe              ||    20
Dodge: Dodged            ||    88
